Map: Prion Terraces

Players

HiTMaN

  • Race: Protoss Protoss
  • League: Diamond

huihuizai - Winner!

  • Race: Zerg Zerg
  • League: Diamond

VOD

Have the link to the VOD?

Description

Time

  • Played on: Nov. 24, 2015, 9:05 p.m.
  • Length: 6:24
Show
View Real Time Build Order
Export as new Build Order

HiTMaN Protoss 

Build Orders:  

Get SALT Encoding   

  12  0:01  Probe (Chrono Boost)  
  13  0:11  Probe (Chrono Boost)  
  14  0:23  Pylon  
  14  0:26  Probe (Chrono Boost)  
  15  0:36  Assimilator  
  15  0:41  Probe (Chrono Boost)  
  16  0:46  Gateway  
  16  0:52  Probe (Chrono Boost)  
  17  1:02  Probe (Chrono Boost)  
  18  1:07  Pylon  
  18  1:13  Probe (Chrono Boost)  
  18  1:17  Pylon  
  19  1:23  Probe (Chrono Boost)  
  19  1:25  Assimilator  
  20  1:34  Probe (Chrono Boost)  
  20  1:35  Cybernetics Core  
  21  1:44  Probe (Chrono Boost)  
  22  1:49  Zealot (Chrono Boost)  
  24  1:55  Probe  
  25  2:15  Pylon  
  25  2:19  Warp Gate (Chrono Boost)  
  25  2:23  Mothership Core  
  25  2:29  Pylon  
  27  3:01  Gateway  
  27  3:02  Gateway  
  27  3:11  Gateway  
  27  3:21  Pylon  
  27  3:25  Pylon  
  27  4:12  Zealot  
  27  4:13  Zealot x3  
  35  4:34  Pylon  
  35  4:35  Stalker x3  
  35  4:36  Stalker  
  43  5:02  Gateway, Zealot x2  
  43  5:03  Zealot x2  
  51  5:26  Stalker x4  
  45  5:50  Stalker x4  
  45  6:02  Zealot  
Show
View Real Time Build Order
Export as new Build Order

huihuizai Zerg - Winner!

Build Orders: Hatch First 

Get SALT Encoding   

  12  0:01  Drone  
  13  0:08  Drone  
  14  0:17  Overlord  
  14  0:23  Extractor  
  14  0:24  Drone  
  15  0:36  Drone x2  
  17  0:44  Drone  
  18  0:57  Hatchery  
  18  0:59  Drone  
  18  1:12  Spawning Pool  
  18  1:15  Drone  
  18  1:19  Drone  
  19  1:29  Drone  
  20  1:44  Hatchery  
  20  1:46  Drone, Extractor  
  19  2:02  Queen, Zergling x2  
  22  2:08  Queen  
  22  2:13  Zergling x2  
  25  2:18  Overlord  
  25  2:26  Drone x2  
  25  2:29  Drone  
  28  2:47  Queen  
  28  2:49  Drone  
  28  2:50  Drone  
  31  3:00  Drone, Queen  
  31  3:01  Metabolic Boost  
  34  3:09  Zergling x4  
  36  3:18  Zergling x2  
  36  3:19  Zergling x2  
  38  3:23  Spine Crawler  
  37  3:30  Roach Warren  
  37  3:31  Drone  
  37  3:39  Overlord  
  37  3:41  Drone  
  38  3:50  Drone x3  
  38  3:52  Overlord  
  41  4:11  Overlord  
  41  4:13  Roach x6  
  53  4:22  Roach x2  
  57  4:30  Drone x5  
  62  4:32  Overlord  
  62  4:36  Roach  
  62  4:37  Extractor  
  63  4:40  Overlord  
  63  4:41  Roach  
  65  4:55  Roach  
  65  4:56  Roach x2  
  65  4:57  Roach  
  73  5:07  Drone  
  73  5:08  Drone x3  
  73  5:09  Overlord  
  73  5:13  Spore Crawler  
  76  5:17  Spore Crawler  
  76  5:19  Spore Crawler  
  76  5:21  Roach x3  
  76  5:22  Zergling x2  
  81  5:30  Zergling x4  
  81  5:31  Zergling x10  
  88  5:42  Roach, Zergling x2  
  89  5:46  Roach x2  
  87  5:51  Zergling x6  
  87  5:53  Zergling x2  
  85  6:02  Drone, Zergling x2  
  85  6:03  Drone x6  
Tags
 
Add a new tag
Caveats
  • Supply blocks, unpowered buildings, or Contaminate may cause inaccurate times.
  • Supply counts are checked every 10 seconds.